 Dungeon Crawl Stone Soup version 0.31-a0-876-gfe8ebadbca (webtiles) character file.

Game seed: 17956610469636103566

19159 pokeman the Eclecticist (level 12, -5/66 HPs)
             Began as a Deep Elf Hedge Wizard on Oct 13, 2023.
             Was an Elder of Vehumet.
             Slain by a death knight
             ... wielding a +2 heavy broad axe
              (6 damage)
             ... on level 13 of the Dungeon.
             The game lasted 00:43:20 (12494 turns).

pokeman the Eclecticist (Deep Elf Hedge Wizard)    Turns: 12494, Time: 00:43:21

Health: -5/66      AC: 15    Str:  7    XL:     12   Next: 34%
Magic:  47/52      EV: 13    Int: 30    God:    Vehumet [****..]
Gold:   482        SH:  0    Dex: 14    Spells: 22/44 levels left

rFire   + . .        v - +9 hand axe of Ezoppeh {drain, Stlth+}
rCold   x . .        (no shield)
rNeg    + . .        H - +0 steam dragon scales
rPois   +            Q - +0 helmet
rElec   .            p - +1 cloak of Buemis {MP+9 Str+5}
rCorr   .            u - +4 pair of gloves of Beogh's Displeasure {rN+ Str-5 Int+5}
SInv    .            U - +0 pair of boots
Will    +....        O - amulet of magic regeneration
Stlth   +++          l - ring of magical power
HPRegen 0.31/turn    K - ring "Caap" {Fire rPois}
MPRegen 0.73/turn

%: no passive effects
@: on blink cooldown
A: no striking features
a: Renounce Religion


You were on level 13 of the Dungeon.
You worshipped Vehumet.
Vehumet was greatly pleased with you.
You visited 2 branches of the dungeon, and saw 14 of its levels.
You also visited: Ossuary.

You collected 542 gold pieces.
You spent 60 gold pieces at shops.

Inventory:

Hand Weapons
 v - the +9 hand axe of Ezoppeh (weapon) {drain, Stlth+}
   (You found it on level 4 of the Dungeon)

   Stlth+:    It makes you more stealthy.
Missiles
 I - 3 throwing nets
 M - 6 curare-tipped darts
Armour
 m - a +0 buckler
 p - the +1 cloak of Buemis (worn) {MP+9 Str+5}
   (You found it on level 3 of the Dungeon)

   Str+5:     It affects your strength (+5).
   MP+9:      It affects your magic capacity (+9).
 u - the +4 pair of gloves of Beogh's Displeasure (worn) {rN+ Str-5 Int+5}
   (You found it on level 6 of the Dungeon)

   Str-5:     It affects your strength (-5).
   Int+5:     It affects your intelligence (+5).
   rN+:       It protects you from negative energy.
 H - +0 steam dragon scales (worn)
 Q - a +0 helmet (worn)
 R - a +0 robe of fire resistance
 U - a +0 pair of boots (worn)
Magical Staves
 c - a staff of fire
Jewellery
 g - a ring of protection from cold
 l - a ring of magical power (left hand)
 K - the ring "Caap" (right hand) {Fire rPois}
   (You found it on level 7 of the Dungeon)

   [ring of fire]

   Fire:      It enhances your fire magic.
   rF+:       It protects you from fire.
   rC-:       It makes you vulnerable to cold.
   rPois:     It protects you from poison
 O - an amulet of magic regeneration (around neck)
 V - a ring of ice
 W - a ring of protection from fire
Wands
 A - a wand of acid (2)
 L - a wand of polymorph (10)
 S - a wand of iceblast (6)
Scrolls
 a - 5 scrolls of revelation
 b - a scroll of fear
 e - a scroll of noise
 j - 8 scrolls of teleportation
 x - 2 scrolls of amnesia {unknown}
 y - a scroll of fog {unknown}
 z - 3 scrolls of enchant armour {unknown}
 C - 2 scrolls of brand weapon {unknown}
 E - a scroll of enchant weapon {unknown}
 J - 2 scrolls of blinking {unknown}
Potions
 d - 2 potions of magic
 f - 11 potions of heal wounds
 k - 4 potions of curing
 q - a potion of enlightenment {unknown}
 r - 5 potions of haste {unknown}
 t - 6 potions of degeneration {unknown}
 B - 3 potions of attraction {unknown}
 D - 4 potions of ambrosia {unknown}
 N - a potion of berserk rage {unknown}


   Skills:
 - Level 4.3 Fighting
 - Level 4.0 Armour
 - Level 3.1 Dodging
 - Level 3.1 Stealth
 + Level 4.1 Shields
 * Level 16.8 Spellcasting
 + Level 10.1 Conjurations
 - Level 1.1 Summonings
 - Level 1.0 Necromancy
 - Level 1.1 Translocations
 - Level 1.0 Transmutations
 + Level 9.0 Fire Magic
 - Level 2.2 Air Magic
 - Level 3.0 Earth Magic
 - Level 1.2 Poison Magic
 - Level 1.0 Evocations


You had 22 spell levels left.
You knew the following spells:

 Your Spells              Type           Power      Damage    Failure   Level
a - Magic Dart            Conj           100%       1d8       1%          1
b - Mephitic Cloud        Conj/Pois/Air  52%        N/A       1%          3
c - Call Imp              Summ           62%        N/A       1%          2
d - Blink                 Tloc           62%        N/A       1%          2
e - Foxfire               Conj/Fire      100%       2x1d9     1%          1
f - Ignite Poison         Fire/Tmut/Pois 64%        N/A       1%          3
g - Irradiate             Conj/Tmut      28%        3d21      1%          5
h - Lee's Rapid Deconstr  Erth           21%        3d12*     4%          5

Your spell library contained the following spells:

 Spells                   Type           Power      Damage    Failure   Level
 Spellforged Servitor     Conj/Summ      28%        N/A       34%         7
 Necrotise                Necr           100%       1d9       1%          1
 Slow                     Hex            100%       N/A       1%          1
 Summon Small Mammal      Summ           100%       N/A       1%          1
 Cigotuvi's Dreadful Rot  Necr/Pois/Air  68%        N/A       1%          2
 Lesser Beckoning         Tloc           62%        N/A       1%          2
 Momentum Strike          Conj/Tloc      100%       3d10      1%          2
 Static Discharge         Conj/Air       100%       2-7/arc   1%          2
 Airstrike                Air            19%        2d(3-19)  1%          4
 Sticky Flame             Conj/Fire      90%        2d10      1%          4
 Call Canine Familiar     Summ           31%        N/A       3%          3
 Vampiric Draining        Necr           31%        2d8       3%          3
 Summon Guardian Golem    Hex/Summ       28%        N/A       4%          3
 Confusing Touch          Hex            25%        N/A       5%          3
 Sigil of Binding         Hex            25%        N/A       5%          3
 Animate Armour           Summ/Erth      74%        N/A       8%          4
 Summon Lightning Spire   Summ/Air       35%        N/A       9%          4
 Leda's Liquefaction      Hex/Erth       17%        N/A       10%         4
 Dimensional Bullseye     Hex/Tloc       14%        N/A       14%         4
 Agony                    Necr           31%        N/A       32%         5
 Ignition                 Fire           44%        3d13      54%         8


Dungeon Overview and Level Annotations

Branches:
Dungeon (13/15)            Temple (1/1) D:6            Lair (0/5) D:9
    Orc (0/2) D:11        Ossuary (visited)
 Vaults: D:13-14

Altars:
Ashenzari
Cheibriados
Dithmenos
Elyvilon
Fedhas
Gozag
Hepliaklqana
Kikubaaqudgha
Makhleb
Nemelex Xobeh
Okawaru
Qazlal
Ru
Sif Muna
Trog
Uskayaw
Vehumet
Wu Jian
Xom
Yredelemnul
Zin
The Shining One

Shops:
D:2 [[   D:3 ?   D:4 :   D:6 *

Annotations:
D:8 3 runed translucent doors, Sirjeffry24's ghost, novice DjFE; hattop's ghost, novice DrSh; xbox's ghost, novice FeSh
D:12 1 runed translucent door


Message History

You feel a surge of power!
You conjure some foxfire!
The freezing wraith is engulfed in blazing flames.
The freezing wraith hits you! The freezing wraith freezes you!!
You feel a terrible chill!
* * * LOW HITPOINT WARNING * * *
The freezing wraith misses you.
The wraith is engulfed in blazing flames.
You destroy the wraith!
Vehumet accepts your kill.
You feel your power returning.
Unknown command.
Casting: Foxfire (safe; 1% risk of failure)
Confirm with . or Enter, or press ? or * to list all spells.
You blink.
The foxfire hits the freezing wraith but does no damage.
The freezing wraith is severely damaged.
The foxfire hits the freezing wraith!
The freezing wraith is burned terribly!
The freezing wraith is almost destroyed.
Unknown command.
Okay, then.
Unknown command.
Unknown command.
Casting: Blink (safe; 1% risk of failure)
Confirm with . or Enter, or press ? or * to list all spells.
Aiming: Mephitic Cloud (safe; 1% risk of failure)
Press: ? - help, Shift-Dir - straight line, f - death knight
Aim: a death knight, wielding a +2 heavy broad axe and wearing a +0 chain mail (moderately wounded, reflecting injuries, chance to affect: 53%)
The ball explodes into a vile cloud!
The stinking cloud engulfs the death knight but does no damage.
The death knight is moderately wounded.
The stinking cloud engulfs you but does no damage.
You hear a shout!
The freezing wraith is engulfed in blazing flames.
You destroy the freezing wraith!
Vehumet accepts your kill.
You feel your power returning.
The death knight is engulfed in noxious fumes.
The death knight appears confused.
The death knight hits you with a +2 heavy broad axe.
You die...

#...# ####.......
#...####..........
#................
#####..........#
#....○○○...#
#...<§°§...#
#....☼☼☼...# .
#......○☼○.# ..
#......@p§.#'###.(..####
#......§§§.)).........p.
#......................W
#...........)...../....J
#...............#####...
#............#### #...
############.# #... .#
#... .# #...


You could see a death knight (reflects damage, confused).

Vanquished Creatures
  The ghost of olddryhag the Cleaver, a journeyman GnRe of Gozag (D:9)
  3 centaur warriors
  A two-headed ogre (D:12)
  The ghost of awesomeguy42 the Grave Robber, a novice HuNe of Gozag (D:7)
  A phantasmal warrior (D:13)
  A cyclops (D:11)
  2 gargoyles
  A komodo dragon (D:9)
  2 freezing wraiths (D:13)
  A troll (D:12)
  2 hornets
  10 slime creatures
  A shadow (D:12)
  A human (D:10)
  A wyvern (D:8)
  A vampire (D:11)
  A ynoxinul (D:9)
  3 wraiths
  3 hogs (D:10)
  20 yaks
  2 vampire mosquitoes (D:11)
  3 steam dragons
  Edmund (D:5)
  3 acid dragons
  5 water moccasins
  4 black bears
  2 orc warriors
  3 sky beasts
  4 ice beasts
  2 ogres (D:7)
  8 centaurs
  The ghost of wtrnl the Chiller, an amateur OpIE (D:3)
  3 kobold brigands
  2 wyvern zombies (D:8)
  3 bullfrogs (D:9)
  3 gnoll sergeants
  14 scorpions
  3 wights (D:9)
  5 howler monkeys
  A human zombie (Ossuary)
  7 centaur zombies
  2 hounds
  2 jellies
  5 orc priests
  A water moccasin simulacrum (D:7)
  A gnoll bouda (D:5)
  4 iguanas
  5 scorpion zombies (Ossuary)
  9 orc wizards
  2 killer bee zombies (D:8)
  A bullfrog simulacrum (D:7)
  3 killer bee simulacra (D:7)
  3 mummies (Ossuary)
  A howler monkey zombie (D:8)
  14 gnolls
  11 adders
  3 shadow imps
  3 white imps
  A howler monkey simulacrum (D:7)
  3 ufetubi
  2 dart slugs
  27 orcs
  4 ball pythons
  4 endoplasms
  3 gnoll zombies (Ossuary)
  3 goblins
  6 hobgoblins
  7 jackals
  5 quokkas
  2 bats (D:2)
  2 frilled lizards
  2 goblin zombies (Ossuary)
  2 hobgoblin zombies (Ossuary)
  25 kobolds
  A kobold zombie (Ossuary)
  An orc zombie (Ossuary)
  2 rats
  A foxfire (D:8)
309 creatures vanquished.

Vanquished Creatures (collateral kills)
  A gnoll (D:8)
  2 foxfires (D:9)
3 creatures vanquished.

Vanquished Creatures (others)
  578 foxfires
578 creatures vanquished.

Grand Total: 890 creatures vanquished

Notes
Turn   | Place    | Note
-------+----------+-------------------------------------------
     0 | D:1      | pokeman the Deep Elf Hedge Wizard began the quest for the
                  | Orb.
     0 | D:1      | Reached XP level 1. HP: 10/10 MP: 7/7
   249 | D:1      | Reached XP level 2. HP: 13/15 MP: 5/9
   372 | D:1      | Found a faded altar of an unknown god.
  1288 | D:2      | Found Deusuc's Armour Shoppe.
  1401 | D:2      | Found Xuck's Antique Armour Emporium.
  1488 | D:2      | Reached skill level 5 in Spellcasting
  1839 | D:2      | Reached XP level 3. HP: 20/20 MP: 6/11
  1843 | D:2      | Learned a level 3 spell: Mephitic Cloud
  1846 | D:2      | Learned a level 2 spell: Call Imp
  1849 | D:2      | Learned a level 2 spell: Blink
  2133 | D:3      | Identified the +1 cloak of Buemis {MP+9 Str+5}
  2281 | D:3      | Reached skill level 1 in Armour
  2315 | D:3      | Reached skill level 1 in Fighting
  2503 | D:3      | Found Xingies's Magic Scroll Emporium.
  2506 | D:3      | Bought a scroll of identify for 20 gold pieces
  2506 | D:3      | Bought a scroll of identify for 20 gold pieces
  2506 | D:3      | Bought a scroll of identify for 20 gold pieces
  2678 | D:3      | Found a runed translucent gate.
  2679 | D:3      | Found a runed translucent gate.
  2679 | D:3      | Found a runed translucent gate.
  2680 | D:3      | Noticed wtrnl's ghost (amateur OpIE)
  2680 | D:3      | Noticed a kobold brigand
  2877 | D:4      | Reached XP level 4. HP: 21/25 MP: 13/13
  3021 | D:4      | Found a radiant altar of Vehumet.
  3029 | D:4      | Noticed a scorpion
  3034 | D:4      | Became a worshipper of Vehumet
  3045 | D:4      | Killed a scorpion
  3046 | D:4      | Reached skill level 1 in Shields
  3046 | D:4      | Reached skill level 6 in Spellcasting
  3046 | D:4      | Reached XP level 5. HP: 25/29 MP: 15/15
  3109 | D:4      | Identified the +9 hand axe of Ezoppeh {drain, Stlth+}
  3323 | D:4      | Found a sparkling altar of Nemelex Xobeh.
  3323 | D:4      | Found a burning altar of Makhleb.
  3330 | D:4      | Found a blossoming altar of Fedhas.
  3388 | D:4      | Found Vasetos's Tremendous Tomes.
  3616 | D:5      | Entered Level 5 of the Dungeon
  3704 | D:5      | Noticed a sky beast
  3716 | D:5      | Killed a sky beast
  3717 | D:5      | Reached skill level 1 in Air Magic
  3717 | D:5      | Reached skill level 1 in Poison Magic
  3717 | D:5      | Reached XP level 6. HP: 18/34 MP: 17/17
  3734 | D:5      | Reached skill level 7 in Spellcasting
  3873 | D:5      | Reached XP level 7. HP: 26/38 MP: 17/20
  4207 | D:5      | Found a white marble altar of Elyvilon.
  4244 | D:5      | Found a hide-covered altar of Uskayaw.
  4395 | D:6      | Reached skill level 8 in Spellcasting
  4407 | D:6      | Learned a level 3 spell: Ignite Poison
  4434 | D:6      | Found a sand-covered staircase.
  4440 | Ossuary  | Entered an ossuary
  4505 | Ossuary  | Reached skill level 1 in Transmutations
  4505 | Ossuary  | Reached skill level 1 in Fire Magic
  4540 | Ossuary  | Reached * piety under Vehumet
  4540 | Ossuary  | Offered knowledge of Shock by Vehumet.
  4542 | Ossuary  | Reached XP level 8. HP: 42/44 MP: 22/22
  4592 | Ossuary  | Reached skill level 9 in Spellcasting
  4757 | Ossuary  | Reached skill level 5 in Conjurations
  4888 | Ossuary  | Reached skill level 10 in Spellcasting
  5047 | D:6      | Identified the +4 pair of gloves of Beogh's Displeasure
                  | {rN+ Str-5 Int+5}
  5062 | D:6      | Found Yhuocs's Neck Hole.
  5210 | D:6      | Reached ** piety under Vehumet
  5210 | D:6      | Offered knowledge of Foxfire by Vehumet.
  5225 | D:6      | Learned a level 1 spell: Foxfire
  5394 | D:6      | Found a staircase to the Ecumenical Temple.
  5766 | D:6      | Found an iron altar of Okawaru.
  5847 | D:6      | Found a glowing silver altar of Zin.
  5912 | D:7      | Reached XP level 9. HP: 48/48 MP: 25/25
  6045 | D:7      | Reached skill level 11 in Spellcasting
  6339 | D:7      | Found a runed translucent gate.
  6339 | D:7      | Found a runed translucent gate.
  6339 | D:7      | Found a runed translucent gate.
  6374 | D:7      | Found a sacrificial altar of Ru.
  6590 | D:7      | Noticed awesomeguy42's ghost (novice HuNe)
  6657 | D:7      | Killed awesomeguy42's ghost
  6658 | D:7      | Reached skill level 12 in Spellcasting
  6658 | D:7      | Reached skill level 5 in Fire Magic
  6664 | D:7      | Offered knowledge of Poisonous Vapours by Vehumet.
  6724 | D:7      | Reached XP level 10. HP: 53/53 MP: 28/28
  6733 | D:7      | Got the ring "Caap" {Fire rPois}
  6849 | D:3      | Killed wtrnl's ghost
  6851 | D:3      | Reached *** piety under Vehumet
  7005 | D:5      | Noticed Edmund
  7018 | D:5      | Killed Edmund
  7034 | D:5      | Offered knowledge of Inner Flame by Vehumet.
  7288 | D:8      | Found a runed translucent gate.
  7288 | D:8      | Found a runed translucent gate.
  7288 | D:8      | Found a runed translucent gate.
  7292 | D:8      | Noticed hattop's ghost (novice DrSh)
  7292 | D:8      | Noticed xbox's ghost (novice FeSh)
  7293 | D:8      | Noticed Sirjeffry24's ghost (novice DjFE)
  7431 | D:8      | Reached skill level 13 in Spellcasting
  7572 | D:8      | Reached **** piety under Vehumet
  7631 | D:8      | Found a basalt altar of Yredelemnul.
  7986 | D:8      | Reached skill level 1 in Necromancy
  8044 | D:8      | Offered knowledge of Irradiate by Vehumet.
  8051 | D:8      | Learned a level 5 spell: Irradiate
  8437 | D:9      | Reached skill level 14 in Spellcasting
  8794 | D:9      | Reached XP level 11. HP: 58/60 MP: 31/31
  8804 | D:9      | Reached skill level 1 in Evocations
  8859 | D:9      | Found a staircase to the Lair.
  9200 | D:9      | Noticed olddryhag's ghost (journeyman GnRe)
  9201 | D:9      | Found a runed translucent door.
  9562 | D:9      | Killed olddryhag's ghost
  9562 | D:9      | Reached ***** piety under Vehumet
  9563 | D:9      | Reached skill level 15 in Spellcasting
  9639 | D:9      | Learned a level 5 spell: Lee's Rapid Deconstruction
  9663 | D:10     | Entered Level 10 of the Dungeon
  9946 | D:10     | Offered knowledge of Spellforged Servitor by Vehumet.
 10061 | D:10     | Reached skill level 1 in Earth Magic
 11204 | D:11     | Found a staircase to the Orcish Mines.
 11548 | Temple   | Entered the Ecumenical Temple
 11761 | D:12     | Noticed a two-headed ogre
 11770 | D:12     | Killed a two-headed ogre
 11793 | D:12     | Reached skill level 16 in Spellcasting
 11850 | D:12     | Noticed a centaur warrior
 11862 | D:12     | Reached XP level 12. HP: 60/66 MP: 34/34
 11868 | D:12     | Killed a centaur warrior
 12105 | D:12     | Found a runed translucent door.
 12108 | D:12     | Noticed a balrug
 12276 | D:13     | Noticed a death knight
 12466 | D:13     | Noticed a centaur warrior
 12472 | D:13     | Noticed a centaur warrior
 12479 | D:13     | Killed a centaur warrior
 12480 | D:13     | Reached skill level 10 in Conjurations
 12485 | D:13     | Killed a centaur warrior
 12492 | D:13     | HP: 1/66 [freezing wraith[a death knight] (31)]
 12494 | D:13     | Slain by a death knight

Illustrated notes

Levels and vault maps discovered:
D:1:      dpeg_arrival_rooms_c, layout_basic, basic_ecumenical_altar,
          hangedman_decor_lopped, minmay_bisected
D:2:      layout_basic, serial_shops, shop, shop
D:3:      layout_basic, gammafunk_ghost_nasty_kobolds, serial_shops,
          nicolae_shop_rolled_up
D:4:      layout_cave_pools, nicolae_vehumet_radiance,
          grunt_temple_overflow_open, nicolae_shop_i_like_big_books
D:5:      minmay_chambers_of_threes, layout_basic, elyvilon_altar_4,
          kennysheep_mini_moat, uniq_edmund
D:6:      layout_basic, mainiacjoe_overflow_small_starburst,
          lemuel_coloured_pillars_altar, minmay_temple_entry_trees,
          enter_ossuary_2, nrook_mini_backslash, grunt_decor_one_mirror,
          nicolae_shop_sticking_my_neck_out
D:7:      layout_gridville, nicolae_overflow_crystal_walls, gammafunk_ghost_icy,
          nicolae_grassy_gnolls
D:8:      layout_basic, nicolae_yredelemnul_corpse_copse,
          gammafunk_ghost_cemetery, serial_curves, eino_curves_03,
          eino_curves_04, grunt_ministairs_6
D:9:      layout_loops_ring, due_lair_maze_entry_diamond,
          hellmonk_ghost_big_iron
D:10:     layout_loops_corners, grunt_livestock
D:11:     layout_gridville, orc_0_dummy, nzn_life_drinkers
D:12:     dreamdust_dug_too_deep, layout_cave_pools
D:13:     layout_irregular_city
Temple:   hellmonk_temple_flake

Skill      XL: |  1  2  3  4  5  6  7  8  9 10 11 12 |
---------------+-------------------------------------+-----
Spellcasting   | 5 6 7 8 10 12 14 16 | 16.8
Armour         | 1 2 3 4 |  4.0
Conjurations   | 2 3 4 5 7 8 9 10 | 10.1
Fighting       | 1 2 3 4 |  4.3
Dodging        | 3 |  3.1
Shields        | 1 3 4 |  4.1
Stealth        | 3 |  3.1
Air Magic      | 1 2 |  2.2
Poison Magic   | 1 |  1.2
Transmutations | 1 |  1.0
Fire Magic     | 1 3 5 7 8 9 |  9.0
Necromancy     | 1 |  1.0
Evocations     | 1 |  1.0
Earth Magic    | 3 |  3.0
Summonings     | |  1.1
Translocations | |  1.1

Action                     |  1- 3 |  4- 6 |  7- 9 | 10-12 || total
---------------------------+-------+-------+-------+-------++-------
  Melee: Dagger            |     5 |       |       |       ||     5
         Long sword        |    14 |     6 |       |       ||    20
         Hand axe          |       |    31 |    96 |   106 ||   233
         Punch             |       |       |     5 |     2 ||     7
   Cast: Magic Dart        |    91 |    67 |    49 |     4 ||   211
         Mephitic Cloud    |       |     7 |    22 |    76 ||   105
         Ignite Poison     |       |       |    10 |    48 ||    58
         Foxfire           |       |       |   102 |   221 ||   323
         Call Imp          |       |       |     1 |     1 ||     2
         Blink             |       |       |       |     4 ||     4
         Irradiate         |       |       |       |     3 ||     3
         Lee's Rapid Decon |       |       |       |     4 ||     4
    Use: Scroll            |       |       |     7 |     6 ||    13
   Stab: Confused          |       |     6 |     2 |     7 ||    15
 Armour: Robe              |     7 |       |       |       ||     7
         Leather armour    |    33 |    31 |    81 |       ||   145
         Steam dragon scal |       |       |    13 |   139 ||   152
  Dodge: Dodged            |    42 |    38 |    94 |   141 ||   315

Table legend: (Time is in decaauts)
 A = Elapsed time spent in this place.
 B = Non-inter-level travel time spent in this place.
 C = Inter-level travel time spent in this place.
 D = Time resting spent in this place.
 E = Time spent auto-exploring this place.
 F = Levels seen in this place.
 G = Mean time per level.
                   A        B        C        D        E       F      G
               +--------+--------+--------+--------+--------+-----+--------+
         Total |  12588 |  11810 |    778 |    381 |   9259 |  15 |  839.2 |
       Dungeon |  11950 |  11175 |    775 |    381 |   8922 |  13 |  919.2 |
        Temple |     23 |     21 |      2 |      0 |      0 |   1 |   23.0 |
       Ossuary |    613 |    613 |      0 |      0 |    337 |   1 |  613.0 |
               +--------+--------+--------+--------+--------+-----+--------+

Top non-repeatable levels by time:
     D:8: 1347 daAuts
     D:1: 1197 daAuts
     D:9: 1155 daAuts
    D:10: 1073 daAuts
     D:5: 1072 daAuts
     D:6: 997 daAuts
     D:3: 943 daAuts
     D:7: 926 daAuts
     D:2: 807 daAuts
     D:4: 798 daAuts
    D:11: 792 daAuts
    D:12: 743 daAuts
 Ossuary: 613 daAuts
    D:13: 97 daAuts
  Temple: 23 daAuts
